 Dungeon Crawl Stone Soup version 0.30-a0-122-g2a1322497e (webtiles) character file.

Game seed: 8345914335169149696

830 123456 the Digger (level 7, -3/36 HPs)
             Began as a Gargoyle Earth Elementalist on Sept 15, 2022.
             Was a Follower of Yredelemnul.
             Slain by a river rat (5 damage)
             ... on level 5 of the Dungeon.
             The game lasted 00:09:10 (5523 turns).

123456 the Digger (Gargoyle Earth Elementalist)     Turns: 5523, Time: 00:09:10

Health: -3/36      AC:  9    Str: 11    XL:     7   Next: 97%
Magic:  1/14       EV: 12    Int: 18    God:    Yredelemnul [*.....]
Gold:   193        SH:  5    Dex: 10    Spells: 11/15 levels left

rFire   . . .      SeeInvis .    x - +2 dagger (venom)
rCold   . . .      Faith    .    (no shield)
rNeg    + + .      Spirit   .    u - +1 robe {rN+}
rPois   ∞          Reflect  +    (no helmet)
rElec   +          Harm     .    (no cloak)
rCorr   .          Rampage  .    (no gloves)
Will    .....      Clarity  +    q - +1 pair of boots
Stlth   ++........               e - amulet of reflection
HPRegen 0.12/turn                p - +4 ring of slaying
MPRegen 0.14/turn                (no ring)

@: no status effects
A: sickness immunity, AC +4, negative energy resistance 1, electricity
resistance, torment resistance 1, petrification resistance, clarity, subdued
magic 1
a: Renounce Religion, Recall Undead Harvest


You were on level 5 of the Dungeon.
You worshipped Yredelemnul.
Yredelemnul was noncommittal.
You visited 1 branch of the dungeon, and saw 5 of its levels.

You collected 193 gold pieces.

Inventory:

Hand Weapons
 v - a +0 rapier
 x - a +2 dagger of venom (weapon)
Armour
 q - a +1 pair of boots (worn)
 u - a +1 robe of positive energy (worn)
Jewellery
 e - an amulet of reflection (around neck)
 p - a +4 ring of slaying (left hand)
Scrolls
 d - a scroll of enchant weapon
 f - a scroll of amnesia
 g - a scroll of immolation
 j - a scroll of fog {unknown}
 k - 2 scrolls of noise
 m - a scroll of vulnerability {unknown}
 n - 2 scrolls of magic mapping {unknown}
 o - 3 scrolls of enchant armour {unknown}
 r - a scroll of teleportation {unknown}
 w - a scroll of summoning {unknown}
 y - a scroll of poison {unknown}
Potions
 a - a potion of curing {unknown}
 b - a potion of magic
 c - a potion of haste {unknown}
 l - 2 potions of heal wounds
 s - a potion of invisibility {unknown}
 t - a potion of brilliance {unknown}
 z - a potion of lignification {unknown}


   Skills:
 + Level 3.2 Dodging
 + Level 4.6 Stealth
 * Level 4.8 Spellcasting
 - Level 0.7 Transmutations
 * Level 7.0 Earth Magic


You had 11 spell levels left.
You knew the following spells:

 Your Spells              Type           Power      Damage    Failure   Level
a - Sandblast             Erth           46%        2d11      1%          1
b - Stone Arrow           Conj/Erth      26%        3d8       8%          3

Your spell library contained the following spells:

 Spells                   Type           Power      Damage    Failure   Level
 Passwall                 Tmut/Erth      11%        N/A       3%          2
 Apportation              Tloc           6%         N/A       12%         1
 Magic Dart               Conj           12%        1d3       12%         1
 Searing Ray              Conj           6%         2d4       17%         2
 Petrify                  Tmut/Erth      14%        N/A       22%         4
 Fulminant Prism          Conj/Hex       1%         3d6       77%         4
 Alistair's Intoxication  Tmut/Pois      2%         N/A       96%         5


Dungeon Overview and Level Annotations

Branches:
Dungeon (5/15)
 Temple: D:4-7

Altars:
Kikubaaqudgha
Nemelex Xobeh
Wu Jian
Yredelemnul

Shops:
D:2 *

Portals:
Sewer: D:5

Annotations:
D:5 Grinder


Innate Abilities, Weirdness & Mutations

You are immune to sickness and miasma.
Your stone body is resilient. (AC +4)
You are immune to poison.
You resist negative energy. (rN+)
You are resistant to electric shocks. (rElec)
You are resistant to unholy torment.
You are immune to petrification.
You possess an exceptional clarity of mind.
Your spells are a little easier to cast, but a little less powerful.


Message History

The blast of sand hits the iguana but does no damage.
You block the river rat's attack. The iguana closely misses you.
The blast of sand hits the iguana but does no damage.
The river rat closely misses you. The iguana bites you.
Your orc zombie barely misses the iguana.
The iguana bites you! The river rat closely misses you.
You are too injured to fight recklessly!
You are too injured to fight recklessly!
Casting: Sandblast (safe; 1% risk of failure)
Confirm with . or Enter, or press ? or * to list all spells.
Aiming: Stone Arrow (dangerous; 8% risk of failure)
Press: ? - help, Shift-Dir - straight line, f/p - iguana
Aim: an iguana (ally target, 72% to hit)
The stone arrow hits the iguana!
The iguana is almost dead.
Your orc zombie hits the iguana but does no damage.
Your jelly zombie hits the iguana but does no damage.
The river rat bites you!
* * * LOW HITPOINT WARNING * * *
The iguana bites your jelly zombie.
Casting: Stone Arrow (dangerous; 8% risk of failure)
Confirm with . or Enter, or press ? or * to list all spells.
Aiming: Stone Arrow (dangerous; 8% risk of failure)
Press: ? - help, Shift-Dir - straight line, f/p - iguana
Aim: an iguana (almost dead, not watching you, ally target, 72% to hit)
The stone arrow hits the iguana.
You kill the iguana!
Your orc zombie misses the river rat.
The river rat barely misses you.
Unknown command.
Your orc zombie barely misses the river rat.
The river rat bites you.
* * * LOW HITPOINT WARNING * * *
Your jelly zombie hits the river rat but does no damage.
The giant cockroach splashes around in the water.
You swap places.
Your jelly zombie hits the river rat.
Your orc zombie closely misses the river rat.
The giant cockroach barely misses your orc zombie.
The river rat bites you.
You die...
Your body rises from the dead as a mindless zombie.

####.#.#.#.#.#.#.#
......Z........#.#
######...........#
........#######..#
#######.#~~B~~#..#
..#~B~~~#..#
#..#S~∩~~#..#
#..#~~~~B#..#
#..######ZZ@#
#.........rZ#
......##### ###>#
.. #


You could see a river rat (ally target), a giant cockroach, a ball python
(asleep), a friendly jelly zombie and 2 friendly orc zombies.

Vanquished Creatures
  A human (D:3)
  A water moccasin (D:4)
  A phantom (D:5)
  A hound (D:4)
  4 jellies
  Jessica (D:2)
  3 orc wizards
  Terence (D:2)
  2 iguanas
  Robin (D:3)
  6 adders
  4 worms
  4 dart slugs
  5 orcs
  7 ball pythons
  8 endoplasms
  2 giant cockroaches (D:2)
  22 goblins
  9 hobgoblins
  5 kobolds
  4 quokkas
  10 bats
  A frilled lizard (D:2)
  A goblin zombie (D:3)
  A jackal zombie (D:3)
  6 rats
111 creatures vanquished.

Vanquished Creatures (collateral kills)
  An adder (D:3)
  2 orcs (D:4)
  A hobgoblin (D:4)
4 creatures vanquished.

Vanquished Creatures (others)
  A jelly zombie (D:5)
  5 orcs (D:3)
  An endoplasm (D:3)
  A hobgoblin (D:3)
  An orc zombie (D:5)
9 creatures vanquished.

Grand Total: 124 creatures vanquished

Notes
Turn   | Place    | Note
-------+----------+-------------------------------------------
     0 | D:1      | 123456 the Gargoyle Earth Elementalist began the quest for
                  | the Orb.
     0 | D:1      | Reached XP level 1. HP: 10/10 MP: 3/3
   666 | D:1      | Reached XP level 2. HP: 15/15 MP: 3/5
   767 | D:1      | Found a faded altar of an unknown god.
  1163 | D:1      | Reached skill level 4 in Earth Magic
  1523 | D:1      | Reached XP level 3. HP: 12/19 MP: 1/6
  1531 | D:1      | Learned a level 3 spell: Stone Arrow
  1655 | D:2      | Noticed Jessica
  1659 | D:2      | Killed Jessica
  1661 | D:2      | Reached XP level 4. HP: 24/24 MP: 4/8
  1765 | D:2      | Gained mutation: Your spells are a little easier to cast,
                  | but a little less powerful. [potion of mutation]
  1765 | D:2      | Gained mutation: You possess an exceptional clarity of
                  | mind. [potion of mutation]
  2430 | D:2      | Noticed Terence
  2439 | D:2      | Killed Terence
  2440 | D:2      | Reached skill level 5 in Earth Magic
  2440 | D:2      | Reached XP level 5. HP: 24/28 MP: 2/9
  2520 | D:2      | Found Tobloh's Assorted Antiques.
  2976 | D:3      | Noticed Robin
  2985 | D:3      | Killed Robin
  3295 | D:3      | Noticed a human
  3300 | D:3      | Found a runed translucent door.
  3304 | D:3      | Found a basalt altar of Yredelemnul.
  3426 | D:3      | Killed a human
  3427 | D:3      | Reached XP level 6. HP: 32/32 MP: 4/11
  3459 | D:3      | Became a worshipper of Yredelemnul the Dark
  3865 | D:3      | Found an ancient bone altar of Kikubaaqudgha.
  3993 | D:4      | Reached * piety under Yredelemnul
  4180 | D:4      | Noticed a water moccasin
  4184 | D:4      | Killed a water moccasin
  4185 | D:4      | Reached skill level 6 in Earth Magic
  4185 | D:4      | Reached XP level 7. HP: 19/36 MP: 8/13
  4340 | D:4      | Reached ** piety under Yredelemnul
  5256 | D:4      | Found a sparkling altar of Nemelex Xobeh.
  5256 | D:4      | Found an ornate altar of the Wu Jian Council.
  5334 | D:5      | Entered Level 5 of the Dungeon
  5447 | D:5      | Noticed Grinder
  5495 | D:5      | Found a glowing drain.
  5517 | D:5      | Reached skill level 7 in Earth Magic
  5523 | D:5      | Slain by a river rat

Illustrated notes

Levels and vault maps discovered:
D:1:      mrwooster_arrival_statue_2, layout_basic,
          shapermc_ecumenical_altar_flowoftime, grunt_decor_mini_mirrors
D:2:      minmay_inner_zag, layout_basic, serial_shops, nicolae_shop_waterfront,
          kennysheep_boxes, uniq_terence, uniq_jessica, uniq_crazy_yiuf_cottage
D:3:      layout_basic, kiku_gazebo_pond_becter, dk_yredelemnul_ordeal,
          grunt_ministairs_1, kennysheep_flooded_box, minmay_stone_trees_small,
          uniq_robin
D:4:      nicolae_BIG_FREAKIN_CUBE, layout_basic,
          gammafunk_temple_overflow_elements, grunt_ministairs_7
D:5:      lemuel_ice_spiral_2, layout_basic, portal_sewer_entry_c,
          serial_park_tiny_1, uniq_grinder

Skill      XL: |  1  2  3  4  5  6  7 |
---------------+----------------------+-----
Earth Magic    | 4 5 6 7 |  7.0
Dodging        | 2 3 |  3.2
Stealth        | 3 4 |  4.6
Spellcasting   | 3 4 |  4.8
Transmutations | |  0.7

Action                   |  1- 3 |  4- 6 |  7- 9 || total
-------------------------+-------+-------+-------++-------
Melee: Unarmed           |     9 |       |       ||     9
       Short sword       |     7 |     7 |       ||    14
       Rapier            |       |     2 |     1 ||     3
       Dagger            |       |       |     3 ||     3
 Cast: Sandblast         |    22 |    95 |    42 ||   159
       Stone Arrow       |       |     4 |     6 ||    10
  Use: Scroll            |     1 |     4 |     3 ||     8
       Potion            |       |     2 |       ||     2
 Stab: Sleeping          |       |     1 |       ||     1
Armor: Robe              |     5 |    15 |    18 ||    38
Dodge: Dodged            |    20 |    35 |    33 ||    88
Block: Other             |       |     3 |    13 ||    16

Table legend: (Time is in decaauts)
 A = Elapsed time spent in this place.
 B = Non-inter-level travel time spent in this place.
 C = Inter-level travel time spent in this place.
 D = Time resting spent in this place.
 E = Time spent auto-exploring this place.
 F = Levels seen in this place.
 G = Mean time per level.
                   A        B        C        D        E       F      G
               +--------+--------+--------+--------+--------+-----+--------+
         Total |   5602 |   5454 |    148 |    363 |   4278 |   5 | 1120.4 |
       Dungeon |   5602 |   5454 |    148 |    363 |   4278 |   5 | 1120.4 |
               +--------+--------+--------+--------+--------+-----+--------+

Top non-repeatable levels by time:
     D:1: 1626 daAuts
     D:4: 1364 daAuts
     D:2: 1358 daAuts
     D:3: 1052 daAuts
     D:5: 200 daAuts
